 Dungeon Crawl Stone Soup version 0.31-a0-997-g9a2f3ffc92 (webtiles) character file.

Game seed: 4868091837747057257

720 Dirtsage the Cleaver (level 7, 0/52 HPs)
             Began as a Demonspawn Berserker on Nov 7, 2023.
             Was a Priest of Trog.
             Slain by a phantom (5 damage)
             ... on level 5 of the Dungeon.
             The game lasted 00:06:08 (4045 turns).

Dirtsage the Cleaver (Demonspawn Berserker)         Turns: 4045, Time: 00:06:08

Health: 0/52       AC:  7    Str: 20    XL:     7   Next: 42%
Magic:  7/7        EV: 16    Int:  8    God:    Trog [***...]
Gold:   185        SH:  0    Dex: 12    Spells: 6/6 levels left

rFire   . . .        a - +0 hand axe
rCold   . . .        (no shield)
rNeg    . . .        d - +0 ring mail
rPois   .            (helmet restricted)
rElec   .            (no cloak)
rCorr   .            (no gloves)
SInv    .            (no boots)
Will    ++...        (no amulet)
Stlth   +            f - +5 ring of evasion
HPRegen 1.28/turn    (no ring)
MPRegen 0.10/turn

%: no passive effects
@: strong-willed (expiring), on berserk cooldown, regenerating (expiring),
slowed, very slow
A: horns 1, yellow scales 1, condensation shield
a: Renounce Religion, Berserk, Trog's Hand


You were on level 5 of the Dungeon.
You worshipped Trog.
Trog was most pleased with you.
You visited 2 branches of the dungeon, and saw 6 of its levels.

You collected 185 gold pieces.

Inventory:

Hand Weapons
 a - a +0 hand axe (weapon)
Armour
 b - a +0 animal skin
 d - a +0 ring mail (worn)
Jewellery
 f - a +5 ring of evasion (left hand)
Scrolls
 h - a scroll of revelation {unknown}
 k - 2 scrolls of teleportation {unknown}
 l - 2 scrolls of fog {unknown}
 m - a scroll of poison {unknown}
 p - 2 scrolls of enchant weapon {unknown}
 r - a scroll of silence {unknown}
 s - a scroll of identify {unknown}
 t - 2 scrolls of vulnerability {unknown}
Potions
 c - a potion of lignification {unknown}
 e - a potion of brilliance {unknown}
 g - a potion of curing {unknown}
 i - 2 potions of berserk rage {unknown}
 j - 2 potions of degeneration {unknown}
 n - 2 potions of heal wounds {unknown}
 o - 2 potions of cancellation {unknown}
 q - a potion of invisibility {unknown}
 u - a potion of enlightenment {unknown}


   Skills:
 - Level 3.0 Fighting
 + Level 8.1 Axes
 - Level 1.7 Armour
 - Level 1.7 Dodging


You had 6 spell levels left.
You didn't know any spells.
Your spell library contained the following spells:

 Spells                   Type           Power      Damage    Failure   Level
 Magic Dart               Conj           0%         1d3       58%         1
 Call Imp                 Summ           0%         N/A       73%         2
 Mephitic Cloud           Conj/Pois/Air  0%         N/A       91%         3


Dungeon Overview and Level Annotations

Branches:
Dungeon (5/15)             Temple (1/1) D:4

Altars:
Ashenzari
Cheibriados
Dithmenos
Fedhas
Hepliaklqana
Kikubaaqudgha
Makhleb
Okawaru
Qazlal
Xom
Yredelemnul

Shops:
D:3 =[=

Annotations:
D:5 1 transporter


Innate Abilities, Weirdness & Mutations

You have a pair of small horns on your head.
You are partially covered in yellow scales. (AC +2)
A meltable shield of frost defends you. (SH +0)


Message History

You hit something. The phantom barely misses you.
You hear some strange, mumbled words.
A puff of flame appears from out of thin air!
The puff of flame misses you.
The phantom hits you but does no damage.
Something hits you but does no damage.
You miss something. Your headbutt misses something. You hit the orc.
You barely miss the phantom. The phantom closely misses you.
Something hits you.
* * * LOW HITPOINT WARNING * * *
The orc misses you. Something hits you.
* * * LOW HITPOINT WARNING * * *
The phantom hits you.
* * * LOW HITPOINT WARNING * * *
The phantom blinks!
You blink.
You take 1 damage, and have 8/52 hp.
You hit the phantom.
The phantom is heavily damaged.
You feel the effects of Trog's Hand fading.
An orc wizard appears from thin air!
Reactivating autopickup.
The orc wizard gestures at you while chanting.
The puff of flame misses you.
The puff of flame hits the phantom.
The phantom hits you.
* * * LOW HITPOINT WARNING * * *
The phantom blinks!
You blink.
The orc wizard casts a spell at you.
The magic dart hits you but does no damage.
You take 3 damage, and have 5/52 hp.
The phantom hits you.
* * * LOW HITPOINT WARNING * * *
The phantom blinks!
You blink.
You take 1 damage, and have 4/52 hp.
You slash the orc wizard!
You kill the orc wizard!
Trog accepts your kill.
Trog appreciates your killing of a magic user.
You hit the orc. You hit the phantom but do no damage. The phantom hits you.
You die...

#####.....# #.##.#
#...#.....# #.##.#
#...#.....# #.##.# #######
#...#.....# #.##.# .......
#...#.....# #.##.# .......
#...#.....# #.##.#
.......###ยง..#.....###.##.#
........)).)o.........>...#
.......###.@.#..(..###.#####
....... #W..###.#.# #.#....
....... #...# #.#.# #.#.###
....... #...# #.#.# #.#.#
#.##### ##### #.#.###.#.###
# #.#.......... ##
###.#####...... ...
..............
.#.###.#..........


You could see a phantom and an orc.

Vanquished Creatures
  Eustachio (D:5)
  An ice beast (D:5)
  An ogre (D:4)
  2 hounds (D:5)
  3 orc priests
  An iguana (D:4)
  4 orc wizards
  7 adders
  3 worms
  2 dart slugs
  6 orcs
  4 bats
  8 endoplasms
  2 giant cockroaches
  4 goblins
  3 hobgoblins
  2 jackals (D:1)
  5 quokkas
  4 ball pythons
  4 frilled lizards (D:1)
  7 kobolds
  16 rats
90 creatures vanquished.

Notes
Turn   | Place    | Note
-------+----------+-------------------------------------------
     0 | D:1      | Dirtsage the Demonspawn Berserker began the quest for the
                  | Orb.
     0 | D:1      | Reached XP level 1. HP: 18/18 MP: 1/1
    63 | D:1      | Reached skill level 3 in Axes
    93 | D:1      | Gained mutation: A meltable shield of frost defends you.
                  | (SH +0) [demonic ancestry]
    93 | D:1      | Reached XP level 2. HP: 17/24 MP: 2/2
   408 | D:1      | Found a faded altar of an unknown god.
   454 | D:1      | Reached ** piety under Trog
   499 | D:1      | Reached XP level 3. HP: 29/29 MP: 3/3
   886 | D:2      | Reached skill level 4 in Axes
  1341 | D:2      | Found a burning altar of Makhleb.
  1677 | D:2      | Gained mutation: You have a pair of small horns on your
                  | head. [demonic ancestry]
  1677 | D:2      | Reached XP level 4. HP: 25/35 MP: 4/4
  1963 | D:3      | Found Soileak's Armour Shoppe.
  2053 | D:3      | Found Souwkogi's Jewellery Shop.
  2156 | D:3      | Reached skill level 5 in Axes
  2201 | D:3      | Found a hazy altar of Hepliaklqana.
  2300 | D:3      | Found Eschy's Jewellery Boutique.
  2376 | D:3      | Found a broken altar of Ashenzari.
  2420 | D:3      | Gained mutation: You are partially covered in yellow
                  | scales. (AC +2) [demonic ancestry]
  2420 | D:3      | Reached XP level 5. HP: 41/41 MP: 5/5
  2578 | D:4      | Noticed an ogre
  2587 | D:4      | Killed an ogre
  2588 | D:4      | Reached skill level 6 in Axes
  2588 | D:4      | Reached XP level 6. HP: 27/47 MP: 6/6
  2970 | D:4      | Found a staircase to the Ecumenical Temple.
  2979 | Temple   | Entered the Ecumenical Temple
  3220 | D:4      | Reached *** piety under Trog
  3620 | D:5      | Entered Level 5 of the Dungeon
  3627 | D:5      | Noticed an ice beast
  3637 | D:5      | Killed an ice beast
  3638 | D:5      | Reached skill level 7 in Axes
  3705 | D:5      | Noticed Eustachio
  3712 | D:5      | Noticed an ancient zyme
  3720 | D:5      | Killed Eustachio
  3721 | D:5      | Reached XP level 7. HP: 52/52 MP: 7/7
  3814 | D:5      | Noticed a small abomination
  3819 | D:5      | Found a transporter.
  3846 | D:5      | Found an iron altar of Okawaru.
  4021 | D:5      | Reached skill level 8 in Axes
  4045 | D:5      | Slain by a phantom

Illustrated notes

Levels and vault maps discovered:
D:1:      psy_arrival_radial01, layout_basic, basic_ecumenical_altar
D:2:      layout_loops_ring, basic_altar, minmay_rat_gold_closets
D:3:      layout_rooms, ashenzari_conservatory_becter,
          mainiacjoe_overflow_cross_hatched, serial_shops, shop,
          nicolae_shop_trees, nicolae_shop_just_a_little_nook,
          serial_park_tiny_2, minmay_distorted
D:4:      layout_layer_cave, kennysheep_little_box, minmay_temple_entry_wispy
D:5:      layout_basic, kennysheep_mini, gammafunk_ghost_abyssal_escape,
          minmay_misc_feat_rugged, minmay_fountain_box, kennysheep_another_room,
          uniq_eustachio, uniq_edmund
Temple:   nicolae_temple_bog_church

Skill      XL: |  1  2  3  4  5  6  7 |
---------------+----------------------+-----
Axes           | 3 4 5 6 7 8 |  8.1
Fighting       | |  3.0
Armour         | |  1.7
Dodging        | |  1.7

Action                     |  1- 3 |  4- 6 |  7- 9 || total
---------------------------+-------+-------+-------++-------
  Melee: Hand axe          |   135 |   129 |    28 ||   292
         Headbutt          |       |    15 |     6 ||    21
 Invoke: Berserk           |     1 |     6 |     1 ||     8
         Trog's Hand       |       |       |     1 ||     1
 Armour: Animal skin       |    20 |       |       ||    20
         Ring mail         |    38 |    86 |    34 ||   158
  Dodge: Dodged            |    66 |    78 |    16 ||   160
  Block: Other             |    23 |    12 |     8 ||    43

Table legend: (Time is in decaauts)
 A = Elapsed time spent in this place.
 B = Non-inter-level travel time spent in this place.
 C = Inter-level travel time spent in this place.
 D = Time resting spent in this place.
 E = Time spent auto-exploring this place.
 F = Levels seen in this place.
 G = Mean time per level.
                   A        B        C        D        E       F      G
               +--------+--------+--------+--------+--------+-----+--------+
         Total |   4115 |   3973 |    142 |    204 |   3143 |   6 |  685.8 |
       Dungeon |   4114 |   3972 |    142 |    204 |   3143 |   5 |  822.8 |
        Temple |      1 |      1 |      0 |      0 |      0 |   1 |    1.0 |
               +--------+--------+--------+--------+--------+-----+--------+

Top non-repeatable levels by time:
     D:2: 1072 daAuts
     D:4: 1069 daAuts
     D:1: 849 daAuts
     D:3: 683 daAuts
     D:5: 439 daAuts
  Temple: 1 daAuts
